 Seeded DCSS version 0.32-a0-953-g508020473e (webtiles) character file.

Game seed: 4905092565754622420 (custom seed)

178202 bronco the Phalangite (level 17, -5/160 HPs)
             Began as a Minotaur Fighter on Apr 16, 2024.
             Was an Elder of Beogh.
             Drowned by a water elemental (8 damage)
             ... summoned by Ilsuiw
             ... on level 2 of the Shoals.
             The game lasted 02:05:25 (32943 turns).

bronco the Phalangite (Minotaur Fighter)           Turns: 32943, Time: 02:05:26

Health: -5/160     AC: 22    Str: 35    XL:     17   Next: 56%
Magic:  19/19      EV: 14    Int:  7    God:    Beogh [****..]
Gold:   307        SH:  0    Dex: 17    Spells: 16/16 levels left

rFire   + + .        a - +8 bardiche (heavy)
rCold   + . .        (shield currently unavailable)
rNeg    . . .        z - +0 chain mail "Feujainu" {rF+ Dex+3}
rPois   +            (helmet restricted)
rElec   +            d - +2 cloak {Stlth+}
rCorr   +            E - +0 pair of gloves of the gadgeteer {Gadgeteer Wandboost ^Fragile}
SInv    .            I - +2 pair of boots
Will    +....        o - amulet of regeneration
Stlth   +            e - +6 ring of strength
HPRegen 1.26/turn    M - +6 ring of strength
MPRegen 0.16/turn

%: random rage (3%)
@: brilliant, resistant, engulfed (cannot breathe), studying Evocations,
invisible, very slow
A: horns 2, retaliatory headbutt, berserk 1
a: Renounce Religion, Smiting, Recall Apostles, Dismiss Olfrun, priest, Dismiss
Wulfoc, wizard, Dismiss Borgun, warrior


You were on level 2 of the Shoals.
You worshipped Beogh.
Beogh was greatly pleased with you.
You visited 6 branches of the dungeon, and saw 29 of its levels.
You also visited: Sewer, Bailey, Gauntlet and Ice Cave.

You collected 2835 gold pieces.
You spent 2528 gold pieces at shops.

Inventory:

Hand Weapons
 a - a +8 heavy bardiche (weapon)
 b - a +3 longbow of flaming
 R - the +4 battleaxe "Utrinem" {flame, rElec rF++ Str-3 Stlth+}
   (You found it in a Gauntlet)

   Str-3:     It affects your strength (-3).
   rF++:      It greatly protects you from fire.
   rElec:     It insulates you from electricity.
   Stlth+:    It makes you more stealthy.
Missiles
 i - 64 poisoned darts
 l - 9 atropa-tipped darts
 r - 22 boomerangs
 y - 7 curare-tipped darts
 V - 8 javelins
Armour
 d - a +2 cloak of stealth (worn)
 z - the +0 chain mail "Feujainu" (worn) {rF+ Dex+3}
   (You found it on level 7 of the Dungeon)

   Dex+3:     It affects your dexterity (+3).
   rF+:       It protects you from fire.
 E - the +0 pair of gloves of the gadgeteer (worn) {Gadgeteer Wandboost ^Fragile}
   (You bought it in a shop on level 2 of the Snake Pit)

   Gadgeteer: Your evocable items recharge 30% faster and wands have a 30%
   chance to not spend a charge.
   Wandboost: Your wands are more powerful.
   ^Fragile:  It will be destroyed if unequipped.
 I - a +2 pair of boots (worn)
Jewellery
 e - a +6 ring of strength (left hand)
 o - an amulet of regeneration (around neck)
 v - a ring of protection from fire
 A - the amulet of Moxtob {Acrobat ^Contam rPois Dex+4}
   (You acquired it on level 2 of the Orcish Mines)

   [amulet of the acrobat]

   Acrobat:   It increases your evasion while moving and waiting.
   Dex+4:     It affects your dexterity (+4).
   rPois:     It protects you from poison.
   ^Contam:   It causes magical contamination when unequipped.
 G - a ring of see invisible
 M - a +6 ring of strength (right hand)
 X - a ring of flight
Wands
 c - a wand of roots (2)
 f - a wand of digging (12)
 k - a wand of acid (11)
 t - a wand of flame (19) (quivered)
 N - a wand of mindburst (4)
 S - a wand of polymorph (6)
 Y - a wand of paralysis (7)
Scrolls
 g - 2 scrolls of immolation
 h - a scroll of enchant armour
 w - a scroll of revelation
 H - 13 scrolls of identify
 K - 6 scrolls of teleportation
 T - 5 scrolls of amnesia
Potions
 j - 4 potions of magic
 m - 5 potions of enlightenment
 p - 2 potions of attraction
 q - 6 potions of might
 s - 3 potions of berserk rage
 u - 3 potions of resistance
 x - 5 potions of brilliance
 B - 5 potions of cancellation
 D - 4 potions of mutation
 F - a potion of curing
 Z - 5 potions of ambrosia
Miscellaneous
 C - a phial of floods
 J - a tin of tremorstones (inert)
 L - a phantom mirror (inert)
 W - a lightning rod (3/4)


   Skills:
 + Level 16.9 Fighting
 - Level 24.5 Polearms
 - Level 10.9 Ranged Weapons
 - Level 4.0 Throwing
 + Level 14.2 Armour
 + Level 10.3 Dodging
 + Level 5.0 Stealth
 - Level 3.6 Shields
 - Level 5.2 Invocations
 - Level 6.4 Evocations


You had 16 spell levels left.
You didn't know any spells.
Your spell library contained the following spells:

 Spells                   Type           Power      Damage    Failure   Level
 Apportation              Tloc           0%         N/A       75%         1
 Magic Dart               Conj           0%         1d3       75%         1
 Sandblast                Erth           0%         2d4       75%         1
 Summon Small Mammal      Summ           0%         N/A       75%         1
 Blink                    Tloc           0%         N/A       86%         2
 Cigotuvi's Dreadful Rot  Necr/Alch/Air  0%         N/A       86%         2
 Ensorcelled Hibernation  Hex/Ice        0%         N/A       86%         2
 Jinxbite                 Hex            0%         N/A       86%         2
 Lesser Beckoning         Tloc           0%         N/A       86%         2
 Momentum Strike          Conj/Tloc      0%         3d8       86%         2
 Searing Ray              Conj           0%         2d4       86%         2
 Sublimation of Blood     Necr           0%         N/A       86%         2
 Call Canine Familiar     Summ           0%         N/A       98%         3
 Inner Flame              Hex/Fire       0%         N/A       98%         3
 Maxwell's Portable Pile  Tloc           0%         2d(5-13)  98%         3
 Passwall                 Erth           0%         N/A       98%         3
 Stone Arrow              Conj/Erth      0%         3d7       98%         3
 Swiftness                Air            0%         N/A       98%         3
 Teleport Other           Tloc           0%         N/A       98%         3
 Tukima's Dance           Hex            0%         N/A       98%         3
 Animate Armour           Summ/Erth      0%         N/A       100%        4
 Animate Dead             Necr           0%         N/A       100%        4
 Fulminant Prism          Conj/Alch      0%         3d5       100%        4
 Ignite Poison            Fire/Alch      0%         N/A       100%        4
 Passage of Golubria      Tloc           0%         N/A       100%        4
 Summon Blazeheart Golem  Fire/Summ      0%         N/A       100%        4
 Alistair's Intoxication  Alch           0%         N/A       100%        5
 Borgnjor's Vile Clutch   Necr/Erth      0%         N/A       100%        5
 Curse of Agony           Necr           0%         N/A       100%        5
 Freezing Cloud           Conj/Ice/Air   0%         6-21      100%        5
 Irradiate                Conj/Alch      0%         3d11      100%        5
 Lee's Rapid Deconstruct  Erth           0%         3d4*      100%        5
 Yara's Violent Unravell  Hex/Alch       0%         3d3       100%        5
 Death Channel            Necr           0%         N/A       100%        6
 Magnavolt                Erth/Air       0%         3d9       100%        7
 Rimeblight               Ice/Necr       0%         2d3       (prima100%   7
 Ignition                 Fire           0%         3d3       100%        8


Dungeon Overview and Level Annotations

Branches:
Dungeon (15/15)            Temple (1/1) D:4            Lair (5/5) D:10
 Shoals (2/4) Lair:2        Snake (4/4) Lair:2        Slime (0/5) Lair:4
    Orc (2/2) D:9             Elf (0/3) Orc:2        Vaults (0/5) D:13
 Depths (0/4) D:15          Sewer (visited)          Bailey (visited)
  IceCv (visited)         Gauntlet (visited)

Altars:
Ashenzari
Cheibriados
Dithmenos
Elyvilon
Fedhas
Gozag
Hepliaklqana
Kikubaaqudgha
Makhleb
Nemelex Xobeh
Okawaru
Qazlal
Ru
Sif Muna
Trog
Uskayaw
Vehumet
Wu Jian
Xom
Yredelemnul
Zin
The Shining One
Beogh

Shops:
D:3 =   D:14 [   D:15 :   Orc:1 (   Orc:2 =([[   Snake:1 :=:   Snake:2 (:[*

Portals:
Trove: D:15 (lose all piety)

Annotations:
Shoals:2 Ilsuiw
Snake:1 2 transporters, exclusion: obsidian statue


Innate Abilities, Weirdness & Mutations

Your facial features are unmistakably orcish.
You have a pair of horns on your head.
You reflexively headbutt those who attack you in melee.
You sometimes lose your temper in combat.


Message History

You cannot read scrolls while unable to breathe!
Okay, then.
Okay, then.
Aiming: Phantom Mirror
Press: ? - help, Q - select action, (/) - cycle Dir - move target, f - Ilsuiw
Aim: Ilsuiw, wielding a +3 trident of freezing and wearing a +0 robe (lightly wounded)
You reflect Ilsuiw with the mirror!
The mirror clouds!
* * * LOW HITPOINT WARNING * * *
Your lungs strain for air!
The water elemental closely misses you. Ilsuiw misses you.
Ilsuiw mumbles some strange words.
Ilsuiw flickers and vanishes for a moment.
The water elemental barely misses you. The water elemental hits you!
* * * LOW HITPOINT WARNING * * *
Unknown command.
Unknown command.
Unknown command.
Aiming: Thunderbolt
Press: ? - help, Q - select action, (/) - cycle Shift-Dir - straight line, f/p - Ilsuiw
Aim: Ilsuiw, wielding a +3 trident of freezing and wearing a +0 robe (lightly wounded, ally target)
The thunderbolt hits the water elemental.
The water elemental resists.
The water elemental is almost destroyed.
The thunderbolt hits Ilsuiw!!
Ilsuiw is lightly wounded.
* * * LOW HITPOINT WARNING * * *
Your lungs strain for air!
You hear a screech!
The water elemental misses you.
Ilsuiw mumbles some strange words.
Ilsuiw flickers and vanishes!
Deactivating autopickup; reactivate with Ctrl-A.
Ilsuiw misses something.
The water elemental hits you. The water elemental misses you.
Reach: a) +8 bardiche (heavy)
Press: ? - help, Dir - move target
Aim: Disturbance You reach to attack!
Your unstable footing causes you to fumble your attack.
You die...

~~~~~~. .. Y~~~~~.Y##
.# ~~~~~~~~~.##t#
.~Y~~~^~~... .
..~~~~~....# ..
...~~~~.#(<# E..
...~~~~..#.### E...
#...~~~~E†.).##))#..
....~~~@E{)...).....
###.~~~~E~m...))###
#..~~~~~~...####
#.~~~.~~.##.# #.
#[.~~~~~~.#..#####>.#
...)~~~~~............
~.~~~~~~~....~~...)..
~~~~~~~~~~~~~~~.......
~~~~~~~~~~~~P~~.......


You could see a snapping turtle (fleeing), 3 water elementals, 3 dream sheep and
the friendly Ilsuiw (summoned, invisible, drained).

Vanquished Creatures
  An Ice Fiend (IceCv)
  Roxanne (Snake:3)
  2 nagarajas
  A very ugly thing (IceCv)
  Nessos (D:13)
  A stone giant (D:15)
  An elemental wellspring (Shoals:1)
  A minotaur (Gauntlet)
  The ghost of Guivassao the Basher, a journeyman GnWn of Hepliaklqana (Lair:2)
  2 merfolk javelineers (Shoals:2)
  An ettin (Orc:1)
  3 merfolk impalers (Shoals:1)
  An entropy weaver (Gauntlet)
  2 caustic shrike simulacra (IceCv)
  A merfolk avatar (Shoals:2)
  6 anacondas
  4 vault guards (D:13)
  4 centaur warriors
  12 hydras
  2 boulder beetles
  A catoblepas (Lair:4)
  4 two-headed ogres
  4 death yaks (Lair:4)
  An alligator snapping turtle (Shoals:2)
  3 naga warriors
  2 thrashing horrors (Gauntlet)
  5 naga sharpshooters
  7 shock serpents
  Nergalle (Orc:1)
  2 tengu warriors (D:15)
  A salamander mystic (Snake:3)
  A fire crab (Lair:4)
  5 skysharks
  A sea snake (Shoals:1)
  4 mana vipers
  3 naga ritualists
  A lindwurm (Lair:4)
  2 obsidian statues (IceCv)
  4 orc knights
  A spriggan simulacrum (IceCv)
  5 deep elf pyromancers
  2 harpies (Shoals:1)
  2 ugly things
  An orc sorcerer (Orc:2)
  9 salamanders
  2 oklob plants (Lair:3)
  4 manticores
  4 cyclopes
  3 fauns
  13 naga magi
  4 kobold blastminers
  7 merfolk sirens
  24 black mambas
  6 water nymphs (Shoals:1)
  3 guardian serpents
  17 cane toads
  9 rime drakes
  An ice statue (Snake:3)
  11 komodo dragons
  3 freezing wraiths (IceCv)
  4 torpor snails
  An anaconda simulacrum (IceCv)
  6 kobold demonologists
  A tengu conjurer (D:15)
  6 merfolk
  2 ice devils (IceCv)
  5 golden dragon simulacra (IceCv)
  A queen bee (Lair:1)
  9 trolls
  6 hornets
  36 blink frogs
  A jumping spider (Gauntlet)
  7 dream sheep
  7 polar bears
  A snapping turtle (Shoals:2)
  5 slime creatures (D:12)
  7 water elementals
  5 wraiths
  9 wyverns
  9 spriggans (Lair:5)
  48 yaks
  A shadow (D:8)
  4 hogs (Shoals:1)
  4 vampires
  A dire elephant simulacrum (IceCv)
  A human (shapeshifter) (D:14)
  9 basilisks
  8 humans (D:13)
  3 steam dragons
  4 vampire mosquitoes (D:12)
  A minotaur simulacrum (IceCv)
  16 nagas
  3 acid dragons
  2 small abominations (Gauntlet)
  22 water moccasins
  A hydra simulacrum (IceCv)
  2 sky beasts (D:7)
  45 orc warriors
  An ice beast (D:5)
  3 boggarts (Lair:5)
  7 black bears
  An ettin simulacrum (IceCv)
  2 laughing skulls (D:15)
  21 wolves
  9 ogres
  22 centaurs
  8 kobold brigands
  3 gnoll sergeants
  21 bullfrogs
  4 scorpions
  6 wights (D:8)
  A lindwurm simulacrum (IceCv)
  27 killer bees
  13 howler monkeys
  4 electric eels
  4 bombardier beetles
  4 hounds
  3 jellies
  14 orc priests
  8 iguanas
  5 sleepcaps
  31 orc wizards
  13 hell rats
  25 gnolls
  12 adders
  2 river rats (Sewer)
  6 ufetubi
  3 ribbon worms (D:3)
  3 dart slugs
  91 orcs
  9 ball pythons
  3 endoplasms
  7 giant cockroaches
  14 goblins
  8 hobgoblins
  3 jackals
  4 quokkas
  5 bats
  4 frilled lizards
  23 kobolds
  10 rats
1001 creatures vanquished.

Vanquished Creatures (collateral kills)
  Agnes (D:14)
  Kirke (Shoals:1)
  Josephine (Lair:5)
  2 caustic shrike simulacra (IceCv)
  2 anacondas
  A merfolk aquamancer (Shoals:2)
  A boulder beetle (Lair:5)
  Sonja (Lair:5)
  A salamander mystic (Snake:2)
  A skyshark (Lair:5)
  A sea snake (Snake:2)
  A harpy (Shoals:1)
  A deep elf pyromancer (D:15)
  A salamander (Snake:3)
  An oklob plant (Lair:4)
  A cyclops (D:15)
  2 fauns
  An elephant (Lair:4)
  4 naga magi
  A merfolk siren (Shoals:2)
  3 black mambas
  2 water nymphs (Shoals:1)
  A cane toad (Lair:4)
  A rime drake (Lair:4)
  4 komodo dragons
  6 blink frogs
  2 dream sheep (Lair:5)
  A snapping turtle (Shoals:2)
  6 yaks
  A wyvern (D:14)
  A spriggan (Lair:5)
  6 nagas
  3 water moccasins (Lair:4)
  A boggart (Lair:5)
  5 wolves (Lair:5)
  A centaur (D:8)
  3 bullfrogs (Lair:4)
  2 orcs
75 creatures vanquished.

Vanquished Creatures (others)
  10 orc apostles
  An ice statue (Snake:3)
  A tengu conjurer (D:15)
  An orc warrior (Shoals:2)
  2 orc priests (Shoals:2)
  An orc (D:14)
16 creatures vanquished.

Grand Total: 1092 creatures vanquished

Notes
Turn   | Place    | Note
-------+----------+-------------------------------------------
     0 | D:1      | bronco the Minotaur Fighter began the quest for the Orb.
     0 | D:1      | Reached XP level 1. HP: 19/19 MP: 0/0
   177 | D:1      | Reached skill level 3 in Polearms
   177 | D:1      | Reached XP level 2. HP: 20/26 MP: 1/1
   289 | D:1      | Reached skill level 4 in Polearms
   586 | D:1      | Reached XP level 3. HP: 31/31 MP: 2/2
   870 | D:2      | Reached skill level 5 in Polearms
   983 | D:2      | Reached XP level 4. HP: 36/39 MP: 3/3
  1268 | D:2      | Reached skill level 6 in Polearms
  1409 | D:2      | You fall into a shaft and drop 2 floors!
  1547 | D:4      | Reached XP level 5. HP: 45/45 MP: 4/4
  1559 | D:4      | Found an opulent altar of Gozag.
  1693 | D:4      | Reached skill level 7 in Polearms
  1779 | D:3      | Found a glowing golden altar of the Shining One.
  1783 | D:3      | Found a glowing drain.
  1801 | Sewer    | Entered a sewer
  1818 | Sewer    | Reached XP level 6. HP: 49/51 MP: 5/5
  1988 | Sewer    | Reached skill level 8 in Polearms
  2157 | Sewer    | Found a white marble altar of Elyvilon.
  2319 | D:3      | Reached XP level 7. HP: 37/59 MP: 6/6
  2896 | D:3      | Found a glowing silver altar of Zin.
  2961 | D:3      | Found Qomihe's Jewellery Shop.
  3221 | D:4      | Reached skill level 5 in Armour
  3247 | D:4      | Reached skill level 5 in Fighting
  3251 | D:4      | Noticed a hornet
  3263 | D:4      | Killed a hornet
  3264 | D:4      | Reached skill level 1 in Dodging
  3264 | D:4      | Reached XP level 8. HP: 50/70 MP: 7/7
  3471 | D:4      | Found a staircase to the Ecumenical Temple.
  3493 | Temple   | Entered the Ecumenical Temple
  3603 | D:4      | Found a white marble altar of Elyvilon.
  3721 | D:4      | Found a burning altar of Makhleb.
  3779 | D:5      | Entered Level 5 of the Dungeon
  4215 | D:5      | Found a stormy altar of Qazlal.
  4287 | D:5      | Found a shimmering blue altar of Sif Muna.
  4298 | D:5      | Found an ancient bone altar of Kikubaaqudgha.
  4310 | D:5      | Found a radiant altar of Vehumet.
  4477 | D:5      | Reached XP level 9. HP: 78/81 MP: 8/8
  5194 | D:5      | Reached skill level 9 in Polearms
  5383 | D:6      | Reached skill level 10 in Polearms
  5624 | D:6      | Found a shadowy altar of Dithmenos.
  5794 | D:6      | Reached skill level 11 in Polearms
  6076 | D:7      | Identified the +0 chain mail "Feujainu" {rF+ Dex+3}
  6235 | D:7      | Reached skill level 12 in Polearms
  6594 | D:9      | Noticed a deep elf pyromancer
  6611 | D:8      | Reached XP level 10. HP: 61/90 MP: 9/9
  6658 | D:8      | Reached skill level 13 in Polearms
  6750 | D:8      | Found a flagged portal.
  6766 | Bailey   | Entered a bailey
  6961 | Bailey   | Reached skill level 14 in Polearms
  7005 | Bailey   | Noticed an orc knight
  7124 | Bailey   | Killed an orc knight
  7406 | D:8      | Reached skill level 15 in Polearms
  7442 | D:8      | Noticed a two-headed ogre
  7450 | D:8      | Killed a two-headed ogre
  7895 | D:9      | Found a staircase to the Orcish Mines.
  7987 | D:9      | Found a blossoming altar of Fedhas.
  8039 | D:9      | Reached skill level 16 in Polearms
  8042 | D:9      | Reached XP level 11. HP: 88/95 MP: 10/10
  8119 | D:9      | Killed a deep elf pyromancer
  8153 | D:9      | Found an ornate altar of the Wu Jian Council.
  8335 | D:9      | Found a hazy altar of Hepliaklqana.
  8514 | D:10     | Entered Level 10 of the Dungeon
  8566 | D:10     | Found a transporter.
  8602 | D:10     | Reached skill level 17 in Polearms
  8635 | D:10     | Found a staircase to the Lair.
  8782 | D:10     | Found an iron altar of Okawaru.
  8818 | D:10     | Noticed a two-headed ogre
  8825 | D:10     | Killed a two-headed ogre
  8892 | D:10     | Found a transporter.
  8902 | D:10     | Found a transporter.
  8922 | D:10     | Found a transporter.
  9361 | D:11     | Noticed a sea snake
  9418 | D:11     | Noticed a two-headed ogre
  9529 | D:11     | Reached skill level 18 in Polearms
  9793 | D:11     | Reached skill level 19 in Polearms
  9894 | D:11     | Killed a two-headed ogre
  9928 | D:11     | Reached XP level 12. HP: 103/103 MP: 11/11
 10944 | D:12     | Reached skill level 20 in Polearms
 10983 | D:12     | Noticed a two-headed ogre
 10991 | D:12     | Killed a two-headed ogre
 11238 | D:12     | Reached skill level 21 in Polearms
 11440 | D:13     | Noticed a centaur warrior
 11450 | D:13     | Killed a centaur warrior
 11502 | D:13     | Noticed a six-headed hydra
 11507 | D:13     | Killed a five-headed hydra
 11571 | D:13     | Noticed Nessos
 11583 | D:13     | Killed Nessos
 11786 | D:13     | Reached skill level 22 in Polearms
 11822 | D:13     | Found a bloodstained altar of Trog.
 12103 | D:13     | Noticed a vault guard
 12103 | D:13     | Noticed a vault guard
 12133 | D:13     | Killed a vault guard
 12155 | D:13     | Noticed a vault guard
 12163 | D:13     | Killed a vault guard
 12164 | D:13     | Reached XP level 13. HP: 108/108 MP: 12/12
 12214 | D:13     | Found a gate to the Vaults.
 12250 | D:13     | Identified the +13 plate armour of Hairiness {rF+ Dex+5}
 12604 | Orc:1    | Entered Level 1 of the Orcish Mines
 12641 | Orc:1    | Found Ippud Bemno's Weapon Shop.
 12664 | Orc:1    | Noticed an ettin
 12688 | Orc:1    | Killed an ettin
 12689 | Orc:1    | Reached skill level 23 in Polearms
 12930 | Orc:1    | Found a shimmering blue altar of Sif Muna.
 13031 | Orc:1    | Noticed Nergalle
 13055 | Orc:1    | Killed Nergalle
 13264 | Orc:2    | Entered Level 2 of the Orcish Mines
 13264 | Orc:2    | Found a roughly hewn altar of Beogh.
 13326 | Orc:2    | Found a gate leading to a gauntlet.
 13334 | Gauntlet | Entered a Gauntlet
 13334 | Gauntlet | Found a transporter.
 13334 | Gauntlet | Found a transporter.
 13334 | Gauntlet | Found a transporter.
 13343 | Gauntlet | Found a transporter.
 13358 | Gauntlet | Found a transporter.
 13374 | Gauntlet | Found a transporter.
 13389 | Gauntlet | Found a transporter.
 13403 | Gauntlet | Found a transporter.
 13411 | Gauntlet | Found a transporter.
 13463 | Gauntlet | Found a transporter.
 13463 | Gauntlet | Found a transporter.
 13474 | Gauntlet | Found a transporter.
 13554 | Gauntlet | Identified the +4 battleaxe "Utrinem" {flame, rElec rF++
                  | Str-3 Stlth+}
 13597 | Gauntlet | Identified the ring of Purrun {Fire rElec Int-3 Dex+4}
 13651 | Gauntlet | Noticed a minotaur
 13659 | Gauntlet | Killed a minotaur
 13660 | Gauntlet | Reached skill level 24 in Polearms
 13702 | Gauntlet | Identified the +10 spear "Umolagg" {flame, ^Drain rN+
                  | Int+3}
 13752 | Orc:2    | Identified a scroll of acquirement
 13752 | Orc:2    | Acquired the amulet of Moxtob {Acrobat ^Contam rPois Dex+4}
 13852 | Orc:2    | Found a staircase to the Elven Halls.
 14304 | Orc:2    | Reached skill level 1 in Ranged Weapons
 14390 | Orc:2    | Found Qauffuyq's Weapon Shop.
 14390 | Orc:2    | Found Jiofutan's Armour Shoppe.
 14392 | Orc:2    | Found Nuex Lai's Antique Armour Emporium.
 14394 | Orc:2    | Found Ewoodeg's Jewellery Boutique.
 14455 | Orc:2    | Bought a +6 ring of strength for 468 gold pieces
 14496 | Orc:2    | Became a worshipper of Beogh the Shepherd
 14575 | Lair:1   | Entered Level 1 of the Lair of Beasts
 14799 | Lair:1   | Reached skill level 5 in Ranged Weapons
 14799 | Lair:1   | Reached * piety under Beogh
 14937 | Lair:1   | Reached XP level 14. HP: 86/116 MP: 13/13
 15040 | Lair:1   | You fall into a shaft and drop 1 floor!
 15159 | Lair:2   | Found a staircase to the Snake Pit.
 15228 | Lair:2   | Reached ** piety under Beogh
 15912 | Lair:2   | Found a runed translucent door.
 15912 | Lair:2   | Noticed Guivassao's ghost (journeyman GnWn)
 16053 | Lair:2   | Found a staircase to the Shoals.
 16772 | Lair:3   | Reached *** piety under Beogh
 17032 | Lair:3   | Reached skill level 10 in Ranged Weapons
 17261 | Lair:3   | Identified the +2 morningstar of the Puffball {freeze, rF-
                  | rN+ Dex+5}
 17274 | Lair:3   | Anointed Olfrun the priest as your apostle
 17311 | Lair:3   | Anointed Wulfoc the wizard as your apostle
 18043 | Lair:4   | Found a staircase to the Slime Pits.
 18102 | Lair:4   | Reached **** piety under Beogh
 18556 | Lair:4   | Reached skill level 10 in Fighting
 18723 | Lair:4   | Reached skill level 5 in Dodging
 19010 | Lair:4   | Reached ***** piety under Beogh
 19027 | Lair:4   | Reached XP level 15. HP: 130/130 MP: 14/14
 19085 | Lair:4   | Your ally Wulfoc died
 19127 | Lair:4   | Anointed Alork the warrior as your apostle
 19843 | Lair:2   | Killed Guivassao's ghost
 19911 | Lair:5   | Entered Level 5 of the Lair of Beasts
 19964 | Lair:5   | Reached skill level 10 in Armour
 19975 | Lair:5   | Noticed Sonja
 19980 | Lair:5   | Killed Sonja
 20094 | Lair:5   | Noticed Josephine
 20099 | Lair:5   | Killed Josephine
 20657 | Lair:5   | Reached ****** piety under Beogh
 21425 | D:14     | Anointed Boderik the warrior as your apostle
 21525 | D:14     | Found Izxajybi's Armour Boutique.
 21712 | D:14     | Reached skill level 10 in Dodging
 21848 | D:14     | Reached skill level 1 in Invocations
 21851 | D:14     | Reached skill level 1 in Evocations
 21878 | D:14     | Identified the +2 leather armour "Loemp" {Will+ Regen+ MP-9
                  | SInv}
 21994 | D:14     | Identified the +0 chain mail of Moabiuq {Harm *Slow rPois
                  | Str+4}
 21999 | D:14     | Noticed Agnes
 22006 | D:14     | Killed Agnes
 22324 | D:15     | Entered Level 15 of the Dungeon
 22579 | D:15     | Found a portal to a secret trove of treasure.
 22656 | D:15     | Reached XP level 16. HP: 141/141 MP: 16/16
 22827 | D:15     | Your ally Olfrun died
 22948 | D:15     | Found a staircase to the Depths.
 23292 | D:15     | Found Tytt's Vocational Training.
 23304 | D:15     | Bought a manual of Evocations for 1520 gold pieces
 23642 | Snake:1  | Entered Level 1 of the Snake Pit
 23652 | Snake:1  | Your ally Wulfoc died
 24149 | Snake:1  | Found Meromeq's Jewellery Shoppe.
 24150 | Snake:1  | Found Offeb's Book Boutique.
 24150 | Snake:1  | Found Ynwaydgh's Book Boutique.
 24309 | Snake:1  | Reached skill level 5 in Evocations
 24453 | Snake:1  | Found a transporter.
 24682 | Snake:1  | Found a transporter.
 24816 | Snake:1  | Reached skill level 5 in Invocations
 25379 | Snake:2  | Found Xanele's Weapon Shop.
 25386 | Snake:2  | Found Nonehy's Armour Boutique.
 25386 | Snake:2  | Found Ipnoli's Book Shop.
 25394 | Snake:2  | Reached skill level 1 in Throwing
 25504 | Snake:2  | Found Ijymuc's General Store.
 25516 | Snake:2  | Bought a wand of flame (8) for 100 gold pieces
 25624 | Snake:2  | Found an ancient bone altar of Kikubaaqudgha.
 25875 | Snake:2  | Bought the +0 pair of gloves of the gadgeteer {Gadgeteer
                  | Wandboost ^Fragile} for 440 gold pieces
 25875 | Snake:2  | Found the +0 pair of gloves of the gadgeteer {Gadgeteer
                  | Wandboost ^Fragile}
 26657 | Snake:3  | Your ally Wulfoc died
 26660 | Snake:3  | Your ally Boderik died
 26952 | Snake:3  | Your ally Olfrun died
 27104 | Snake:3  | Found a glacial archway.
 27130 | IceCv    | Entered an ice cave
 27366 | IceCv    | Reached skill level 1 in Stealth
 28319 | IceCv    | Noticed an Ice Fiend
 28325 | IceCv    | Killed an Ice Fiend
 28872 | Snake:3  | Anointed Borgun the warrior as your apostle
 29018 | Snake:3  | Noticed Roxanne
 29027 | Snake:3  | Your ally Borgun died
 29040 | Snake:3  | Killed Roxanne
 29041 | Snake:3  | Reached skill level 15 in Fighting
 29321 | Snake:3  | Reached XP level 17. HP: 104/156 MP: 19/19
 31089 | Snake:4  | Entered Level 4 of the Snake Pit
 31531 | Lair:2   | Gained mutation: You sometimes lose your temper in combat.
                  | [mutagenic glow]
 31575 | Shoals:1 | Entered Level 1 of the Shoals
 31748 | Shoals:1 | Noticed Kirke
 32037 | Shoals:1 | Your ally Wulfoc died
 32045 | Shoals:1 | Killed Kirke
 32200 | Shoals:1 | Your ally Olfrun died
 32843 | Shoals:2 | Your ally Borgun died
 32895 | Shoals:2 | Reached skill level 5 in Stealth
 32909 | Shoals:2 | Noticed Ilsuiw
 32942 | Shoals:2 | HP: 2/160 [drowned by a water elemental[Ilsuiw] (8)]
 32943 | Shoals:2 | Drowned by a water elemental

Illustrated notes

Levels and vault maps discovered:
D:1:      tarquinn_simple_flora_water_f, layout_basic,
          hangedman_decor_diamond_cutter, eino_curves_01,
          dreamdust_mushroom_princess
D:2:      layout_loops_ring, serial_bayou, serial_bayou_pond_c,
          serial_bayou_pond_a, serial_bayou_shore_b, serial_bayou_pond_b
D:3:      layout_loops_ring, mainiacjoe_overflow_24_doors,
          nicolae_overflow_crystal_walls, serial_shops, shop,
          cheibrodos_sewer_entry_drain
D:4:      minmay_bubble_buster, layout_loops_ring, nicolae_gozag_seed_capital,
          marbit_many_paths, kennysheep_mini_moat,
          minmay_temple_entry_nine_rooms
D:5:      minmay_recursive_quarters, layout_cave_pods,
          palyth_temple_overflow_mages, kennysheep_mini, item_on_display_a
D:6:      layout_basic, nicolae_dithmenos_through_a_glass_darkly
D:7:      layout_cave_pools, st_stairs_2
D:8:      hangedman_cross_stitches, layout_rooms, enter_bailey_7
D:9:      layout_rooms, fedhas_altar_2, lemuel_doored_altar,
          mainiacjoe_overflow_alcove_4, orc_0_dummy
D:10:     layout_basic, okawaru_gym_becter, david_lair_shrubbed,
          nicolae_transporter_circle
D:11:     layout_loops_ring, serial_aquarium, aquarium_bridge_island_small
          [aquarium_subvault_small_open, aquarium_subvault_bridge,
          aquarium_subvault_bridge, aquarium_subvault_wall,
          aquarium_subvault_bridge], aquarium_window_1, aquarium_window_1,
          aquarium_window_1, aquarium_window_2, aquarium_view_2e,
          aquarium_balcony_3b, aquarium_pool_side, special_room
          [special_room_orc], minivault_5
D:12:     layout_roguey, serial_curves, eino_curves_03, eino_curves_04
D:13:     layout_small_grid, ximxim_vaults_locker_room,
          nicolae_concentric_dashed_squares_mild, trog_ov_bears_minmay,
          uniq_nessos
D:14:     layout_roguey [special_room_mythical_zoo], serial_shops,
          nicolae_shop_back_alley_shop, nicolae_triple_integral,
          kennysheep_generic_room_15, uniq_agnes
D:15:     grunt_enter_depths_snipers, layout_stronghold,
          nicolae_trove_entry_free_sample, minmay_crystal_water,
          nicolae_shop_vocational
Temple:   hellmonk_temple_forest_ring
Lair:1:   layout_cellular_growth, special_room [special_room_bee], minivault_27
Lair:2:   layout_concentric_octagons, elwin_shoals_entry_stream,
          minmay_snake_entry_six_corridors, hellmonk_ghost_happy_afterlife
Lair:3:   minmay_lair_oklob_chamber, layout_cave_pods
Lair:4:   nzn_winding_woodlands_huge [nzn_winding_woodlands_5x15_cabin,
          nzn_winding_woodlands_5x15_crooked, nzn_winding_woodlands_5x15_zeroes,
          nzn_winding_woodlands_5x15_parted, nzn_winding_woodlands_5x15_pockets,
          nzn_winding_woodlands_5x15_pathside_ponds,
          nzn_winding_woodlands_5x15_eye, nzn_winding_woodlands_5x15_twine,
          nzn_winding_woodlands_5x15_longhouse, nzn_winding_woodlands_5x15_pool,
          nzn_winding_woodlands_center_lodge,
          nzn_winding_woodlands_center_pierced_h,
          nzn_winding_woodlands_15x15_five_gardens], layout_gridlike,
          slime_entry_1
Lair:5:   minmay_lair_end_enchanted_forest, layout_cave_pods,
          grunt_megastairs_2, uniq_josephine, uniq_sonja
Shoals:1: layout_shoals, nicolae_shoals_spring_well_temple, uniq_kirke
Shoals:2: layout_shoals, uniq_ilsuiw
Snake:1:  gammafunk_sealed_arena, layout_grid_maze, minmay_shop_grove
Snake:2:  layout_misc_corridors, basic_altar, lemuel_fruit_tree,
          grunt_megastairs_4, minmay_shoptagon, serial_bayou_shore_a
Snake:3:  layout_honeycomb, portal_ice_cave_entry_ice_statue_two,
          nicolae_snake_gridmaze_big_u, eino_curves_02, grunt_ministairs_9,
          uniq_roxanne
Snake:4:  johnstein_snake_rune_scales, layout_onion, minmay_shop_star
Orc:1:    layout_caves, serial_shops, shop, kennysheep_orc_sif_temple,
          uniq_nergalle
Orc:2:    st_orc_rangers, layout_diamond_mine, basic_altar,
          gauntlet_entry_generic

Skill      XL: |  1  2  3  4  5  6  7  8  9 10 11 12 13 14 15 16 17 |
---------------+----------------------------------------------------+-----
Polearms       | 3 4 5 6 7 8 12 16 19 22 24 | 24.5
Fighting       | 4 5 8 11 12 15 16 | 16.9
Armour         | 4 7 9 12 14 | 14.2
Dodging        | 1 6 10 | 10.3
Ranged Weapons | 6 10 | 10.9
Invocations    | 2 5 |  5.2
Evocations     | 2 6 |  6.4
Throwing       | 4 |  4.0
Stealth        | 4 5 |  5.0
Shields        | |  3.6

Action                     |  1- 3 |  4- 6 |  7- 9 | 10-12 | 13-15 | 16-18 || total
---------------------------+-------+-------+-------+-------+-------+-------++-------
  Melee: Trident           |    92 |   133 |   308 |   188 |       |       ||   721
         Headbutt          |    15 |    12 |    46 |    72 |   123 |    44 ||   312
         Bardiche          |       |       |       |   347 |   915 |   329 ||  1591
         War axe           |       |       |       |     2 |       |       ||     2
         Battleaxe         |       |       |       |       |    41 |    28 ||    69
   Fire: Longbow           |       |       |       |       |    93 |    94 ||   187
  Throw: Stone             |     8 |    24 |    45 |       |       |       ||    77
         Dart              |       |       |    76 |   130 |    52 |     3 ||   261
         Javelin           |       |       |       |       |       |    22 ||    22
         Boomerang         |       |       |       |       |       |     1 ||     1
 Invoke: Recruit Apostle   |       |       |       |       |     4 |     1 ||     5
         Recall Apostles   |       |       |       |       |     2 |     6 ||     8
         Dismiss Apostle   |       |       |       |       |     1 |     2 ||     3
         Smiting           |       |       |       |       |       |     1 ||     1
         Blood for Blood   |       |       |       |       |       |     3 ||     3
  Evoke: Wand              |       |       |       |    30 |     5 |    64 ||    99
         Phantom mirror    |       |       |       |       |       |     2 ||     2
         Tin of tremorston |       |       |       |       |       |     2 ||     2
         Lightning rod     |       |       |       |       |       |     1 ||     1
    Use: Scroll            |       |     7 |    13 |    12 |    13 |    21 ||    66
         Potion            |       |     1 |     3 |     7 |     7 |    16 ||    34
   Stab: Invisible         |       |       |     2 |       |     3 |       ||     5
         Distracted        |       |       |       |       |    12 |     5 ||    17
         Petrified         |       |       |       |       |     1 |       ||     1
         Sleeping          |       |       |       |       |       |     2 ||     2
         Fleeing           |       |       |       |       |       |     1 ||     1
 Armour: Scale mail        |    48 |     1 |       |       |       |       ||    49
         Chain mail        |       |    65 |   239 |   360 |   700 |   436 ||  1800
  Dodge: Dodged            |    32 |    28 |    93 |   198 |   444 |   278 ||  1073
  Block: Buckler           |    13 |    10 |    56 |    36 |       |       ||   115

Table legend: (Time is in decaauts)
 A = Elapsed time spent in this place.
 B = Non-inter-level travel time spent in this place.
 C = Inter-level travel time spent in this place.
 D = Time resting spent in this place.
 E = Time spent auto-exploring this place.
 F = Levels seen in this place.
 G = Mean time per level.
                   A        B        C        D        E       F      G
               +--------+--------+--------+--------+--------+-----+--------+
         Total |  32714 |  30352 |   2362 |   5309 |  17934 |  33 |  991.3 |
       Dungeon |  14165 |  12764 |   1401 |    564 |   9277 |  15 |  944.3 |
        Temple |      1 |      1 |      0 |      0 |      0 |   1 |    1.0 |
          Lair |   6600 |   6185 |    415 |    687 |   4158 |   5 | 1320.0 |
        Shoals |   1372 |   1348 |     24 |    157 |    765 |   2 |  686.0 |
     Snake Pit |   6143 |   5718 |    425 |   2297 |   2585 |   4 | 1535.8 |
  Orcish Mines |   1451 |   1354 |     97 |    113 |    753 |   2 |  725.5 |
         Sewer |    424 |    424 |      0 |    226 |    125 |   1 |  424.0 |
        Bailey |    475 |    475 |      0 |     71 |     90 |   1 |  475.0 |
      Ice Cave |   1675 |   1675 |      0 |   1155 |    159 |   1 | 1675.0 |
      Gauntlet |    403 |    403 |      0 |     37 |     20 |   1 |  403.0 |
               +--------+--------+--------+--------+--------+-----+--------+

Top non-repeatable levels by time:
 Snake:3: 2444 daAuts
 Snake:2: 1953 daAuts
 Snake:1: 1709 daAuts
   IceCv: 1675 daAuts
  Lair:4: 1605 daAuts
  Lair:3: 1407 daAuts
  Lair:2: 1399 daAuts
    D:11: 1338 daAuts
     D:5: 1334 daAuts
Shoals:1: 1257 daAuts
  Lair:5: 1170 daAuts
    D:13: 1148 daAuts
    D:10: 1145 daAuts
    D:14: 1124 daAuts
  Lair:1: 1017 daAuts
